 Dungeon Crawl Stone Soup version 0.27-a0-262-gc50aac273e (webtiles) character file.

Game seed: 9464819790779980335

77 Borgoz the Slasher (level 4, -1/37 HPs)
             Began as a Ghoul Gladiator on Feb 5, 2021.
             Slain by an orc
             ... wielding a +0 trident
              (6 damage)
             ... on level 2 of the Dungeon.
             The game lasted 00:02:18 (1343 turns).

Borgoz the Slasher (Ghoul Gladiator)                Turns: 1343, Time: 00:02:19

Health: -1/37      AC:  4    Str: 17    XL:     4   Next: 34%
Magic:  3/3        EV: 12    Int:  3    God:
Gold:   64         SH:  0    Dex: 11    Spells: 3/3 levels left

rFire    . . .     SeeInvis .   a - +1 long sword
rCold    + . .     Faith    .   (no shield)
rNeg     + + +     Spirit   .   b - +0 leather armour
rPois    ∞         Reflect  .   c - +0 helmet
rElec    .         Harm     .   (no cloak)
rCorr    .         Rampage  .   (no gloves)
Will     .....     Rnd*Tele +   (no boots)
Stlth    +.........             (no amulet)
HPRegen  0.00/turn              e - ring of teleportation (curse)
MPRegen  0.08/turn              (no ring)

@: no status effects
A: claws 1, cold resistance 1, negative energy resistance 3, inhibited
regeneration, torment resistance, unbreathing
a: no special abilities


You were on level 2 of the Dungeon.
You visited 1 branch of the dungeon, and saw 2 of its levels.

You collected 64 gold pieces.

Inventory:

Hand Weapons
 a - a +1 long sword (weapon)
Missiles
 d - a throwing net (quivered)
Armour
 b - a +0 leather armour (worn)
 c - a +0 helmet (worn)
Jewellery
 e - a cursed ring of teleportation (left claw)
Scrolls
 g - 2 scrolls of enchant weapon
Potions
 f - 2 potions of lignification {unknown}


   Skills:
 + Level 2.9 Fighting
 * Level 3.5 Long Blades
 - Level 1.7 Throwing
 + Level 1.2 Armour
 + Level 3.1 Dodging


You had 3 spell levels left.
You didn't know any spells.
Your spell library was empty.

Dungeon Overview and Level Annotations

Branches:
Dungeon (2/15)

Altars:


Innate Abilities, Weirdness & Mutations

You thrive by killing the living.
You are immune to poison.
You have sharp fingernails.
Your flesh is cold resistant. (rC+)
You are immune to negative energy. (rN+++)
You do not regenerate when monsters are visible.
You are immune to unholy pain and torment.
You can survive without breathing.


Message History

The worm is moderately wounded.
The orc barely misses you.
You hit the worm.
The worm is severely wounded.
The worm barely misses you.
You riposte.
You slash the worm!
You kill the worm!
The orc completely misses you.
You hit the orc priest.
The orc priest is moderately wounded.
The orc priest hits you with a +0 club. The orc hits you but does no damage.
You hit the orc priest.
The orc priest is heavily wounded.
The orc priest misses you. The orc barely misses you.
You hit the orc priest.
The orc priest is severely wounded.
The orc priest calls down the wrath of Beogh upon you.
Beogh smites you!
* * * LOW HITPOINT WARNING * * *
The orc hits you from afar with a +0 trident.
You die...

#.#####[....... #)# #.#
#.#####......#
..#####.#####.#.#..#
##..............#...
#.####.#####...##.. #.#
#.# #...##### #.#
#.#####....### ########.##
#.##.oo.......
.(........###..#@#.......#
######.###.#.....#o#...#.#
... #...#.#.#ow.....# #.#.
#.###.#.#o......# #.#. ..#
#.#.#.......#.#. # #.#..
.#..#.#...#.#.... #.## #
#.#.......#...# #.
#.##.....##...# .#
#$⌠$###...#


You could see an orc priest and an orc.

Vanquished Creatures
  2 adders (D:2)
  A worm (D:2)
  3 leopard geckos
  5 orcs (D:2)
  5 bats (D:1)
  2 giant cockroaches (D:1)
  9 goblins
  3 hobgoblins
  4 jackals
  A quokka (D:2)
  2 frilled lizards (D:1)
  4 kobolds
  3 rats (D:1)
44 creatures vanquished.

Notes
Turn   | Place    | Note
-------+----------+-------------------------------------------
     0 | D:1      | Borgoz the Ghoul Gladiator began the quest for the Orb.
     0 | D:1      | Reached XP level 1. HP: 17/17 MP: 0/0
   119 | D:1      | Reached XP level 2. HP: 18/25 MP: 1/1
   416 | D:1      | Reached XP level 3. HP: 21/30 MP: 2/2
   968 | D:2      | Reached skill level 1 in Armour
  1328 | D:2      | Reached XP level 4. HP: 30/37 MP: 3/3
  1343 | D:2      | Slain by an orc

Illustrated notes

Levels and vault maps discovered:
D:1:      dpeg_arrival_shrine, layout_basic
D:2:      cheibrodos_pilgrimage, layout_loops_ring

Skill      XL: |  1  2  3 |
---------------+----------+-----
Long Blades    | 3 |  3.5
Dodging        | 3 |  3.1
Armour         | 1 |  1.2
Fighting       | |  2.9
Throwing       | |  1.7

Action                   |  1- 3 |  4- 6 || total
-------------------------+-------+-------++-------
Melee: Long sword        |   116 |    16 ||   132
Throw: Throwing net      |     2 |       ||     2
  Use: Scroll            |     5 |       ||     5
Armor: Leather armour    |    45 |       ||    45
Dodge: Dodged            |   114 |    16 ||   130
       Rpst.: Long sword |    43 |     4 ||    47

Table legend: (Time is in decaauts)
 A = Elapsed time spent in this place.
 B = Non-inter-level travel time spent in this place.
 C = Inter-level travel time spent in this place.
 D = Time resting spent in this place.
 E = Time spent auto-exploring this place.
 F = Levels seen in this place.
 G = Mean time per level.
                   A        B        C        D        E       F      G
               +--------+--------+--------+--------+--------+-----+--------+
         Total |   1374 |   1361 |     13 |    351 |    662 |   2 |  687.0 |
       Dungeon |   1374 |   1361 |     13 |    351 |    662 |   2 |  687.0 |
               +--------+--------+--------+--------+--------+-----+--------+

Top non-repeatable levels by time:
     D:1: 953 daAuts
     D:2: 421 daAuts
